 Dungeon Crawl Stone Soup version 0.31-a0-1084-gb392501acf (webtiles) character file.

Game seed: 8030996377296513700

43 Gargoyl the Trooper (level 3, -1/24 HPs)
             Began as a Gargoyle Berserker on Nov 28, 2023.
             Was a Follower of Trog.
             Slain by an orc
             ... wielding a +0 morningstar
              (8 damage)
             ... on level 2 of the Dungeon.
             The game lasted 00:01:08 (651 turns).

Gargoyl the Trooper (Gargoyle Berserker)             Turns: 651, Time: 00:01:09

Health: -1/24      AC:  5    Str: 20    XL:     3   Next: 58%
Magic:  3/3        EV: 12    Int:  7    God:    Trog [*.....]
Gold:   76         SH:  0    Dex: 11    Spells: 2/2 levels left

rFire   . . .        a - +0 hand axe
rCold   . . .        (no shield)
rNeg    + . .        b - +0 animal skin
rPois   ∞            (no helmet)
rElec   +            (no cloak)
rCorr   .            (no gloves)
SInv    .            (no boots)
Will    .....        (no amulet)
Stlth   +            (no ring)
HPRegen 0.24/turn    (no ring)
MPRegen 0.08/turn

%: no passive effects
@: mighty, on berserk cooldown, slowed, very slow
A: sickness immunity, AC +3, negative energy resistance 1, electricity
resistance, torment resistance 1, petrification resistance
a: Renounce Religion, Berserk


You were on level 2 of the Dungeon.
You worshipped Trog.
Trog was aware of your devotion.
You visited 1 branch of the dungeon, and saw 2 of its levels.

You collected 76 gold pieces.

Inventory:

Hand Weapons
 a - a +0 hand axe (weapon)
Armour
 b - a +0 animal skin (worn)
Scrolls
 g - a scroll of silence {unknown}
 h - a scroll of immolation {unknown}
 i - a scroll of identify {unknown}
Potions
 f - a potion of haste {unknown}


   Skills:
 + Level 3.9 Fighting
 + Level 3.2 Axes
 + Level 2.3 Armour
 + Level 2.1 Dodging


You had 2 spell levels left.
You didn't know any spells.
Your spell library was empty.

Dungeon Overview and Level Annotations

Branches:
Dungeon (2/15)

Altars:


Innate Abilities, Weirdness & Mutations

You are immune to sickness and miasma.
Your stone body is resilient. (AC +3)
You are immune to poison.
You resist negative energy. (rN+)
You are resistant to electric shocks. (rElec)
You are resistant to unholy torment.
You are immune to petrification.


Message History

a +0 club; a +0 robe You feel your anger nearly subside.
You are no longer berserk.
You are exhausted.
You feel yourself slow down.
There is a stone staircase leading up here.
As you read the scroll labelled INIANAETZI, it crumbles to dust.
You feel strangely unstable.
It was a scroll of teleportation.
A hobgoblin comes into view.
The hobgoblin shouts!
You hear a shout!
The hobgoblin barely misses you.
There is a stone staircase leading up here.
You hit the hobgoblin.
You kill the hobgoblin!
Trog accepts your kill.
Your surroundings suddenly seem different. 4 orcs and an orc priest come into view.
Found a stone staircase leading up.
The orc hits you but does no damage.
The orc closely misses you. x2; The orc misses you.
Okay, then.
It was a potion of heal wounds.
You feel much better. The orc closely misses you. The orc misses you. x2
The orc hits you with a +0 mace.
Unknown command.
It was a potion of might.
You feel very mighty all of a sudden. The orc misses you.
The orc barely misses you. The orc closely misses you.
The orc hits you with a +0 morningstar. The orc priest barely misses you.
The orc priest hits you with a +0 mace. The orc misses you.
The orc barely misses you. The orc hits you with a +0 mace.
* * * LOW HITPOINT WARNING * * *
The orc closely misses you.
You hit the orc priest.
The orc priest is moderately wounded.
You hit the orc. You hit the orc but do no damage. You hit the orc.
You kill the orc!
Trog accepts your kill.
You hit the orc. The orc hits you but does no damage. The orc misses you.
The orc hits you with a +0 morningstar!
You die...

#. #.#.. ...
.##.#.# ..
........ ..
....#.# #.###
###...#.##....
#............
###<#.oo)......
......o@o.# .#
###.#..#####.#
#..........#
.......####).#
####... #..#
#... ###<.######
#...##..........
#.........######
......#.##


You could see an orc priest and 3 orcs.

Vanquished Creatures
  Jessica (D:2)
  An orc (D:2)
  4 hobgoblins
  A kobold (D:1)
  A quokka (D:1)
  2 ball pythons (D:1)
  2 bats (D:1)
  3 frilled lizards (D:1)
  A goblin (D:1)
  4 rats (D:1)
20 creatures vanquished.

Notes
Turn   | Place    | Note
-------+----------+-------------------------------------------
     0 | D:1      | Gargoyl the Gargoyle Berserker began the quest for the Orb.
     0 | D:1      | Reached XP level 1. HP: 14/14 MP: 1/1
   289 | D:1      | Reached XP level 2. HP: 19/19 MP: 2/2
   416 | D:1      | Found a faded altar of an unknown god.
   634 | D:2      | Noticed Jessica
   637 | D:2      | Killed Jessica
   638 | D:2      | Reached XP level 3. HP: 24/24 MP: 3/3
   651 | D:2      | Slain by an orc

Illustrated notes

Levels and vault maps discovered:
D:1:      wander_arrival_estate, layout_basic, basic_ecumenical_altar,
          hangedman_decor_opposing
D:2:      layout_loops_ring, minmay_crystal_water, uniq_sigmund, uniq_jessica

Skill      XL: |  1  2 |
---------------+-------+-----
Axes           | 3 |  3.2
Dodging        | 2 |  2.1
Fighting       | |  3.9
Armour         | |  2.3

Action                     || total
---------------------------++-------
  Melee: Hand axe          ||    55
 Invoke: Berserk           ||     1
    Use: Potion            ||     2
         Scroll            ||     1
 Armour: Animal skin       ||    57
  Dodge: Dodged            ||    55

Table legend: (Time is in decaauts)
 A = Elapsed time spent in this place.
 B = Non-inter-level travel time spent in this place.
 C = Inter-level travel time spent in this place.
 D = Time resting spent in this place.
 E = Time spent auto-exploring this place.
 F = Levels seen in this place.
 G = Mean time per level.
                   A        B        C        D        E       F      G
               +--------+--------+--------+--------+--------+-----+--------+
         Total |    664 |    650 |     14 |      0 |    457 |   2 |  332.0 |
       Dungeon |    664 |    650 |     14 |      0 |    457 |   2 |  332.0 |
               +--------+--------+--------+--------+--------+-----+--------+

Top non-repeatable levels by time:
     D:1: 645 daAuts
     D:2: 18 daAuts
